 Dungeon Crawl Stone Soup version 0.21.1-1-g345015f (webtiles) character file.

34 inc the Vexing (level 3, -3/14 HPs)
             Began as a Felid Enchanter on Feb 21, 2018.
             Slain by a goblin
             ... wielding a +1 dagger of venom
             ... led by Robin
              (4 damage)
             ... on level 2 of the Dungeon.
             The game lasted 00:02:34 (1598 turns).

inc the Vexing (Felid Enchanter)                    Turns: 1598, Time: 00:02:35

Health: -3/14      AC:  1    Str:  4    XL:     3   Next: 14%
Magic:  0/7        EV: 19    Int: 17    God:
Gold:   100        SH:  0    Dex: 16    Spells: 3/6 levels left
                                        Lives:  0   Deaths: 0

rFire    . . .     SeeInvis +     - Unarmed
rCold    . . .     Gourm    .   (shield unavailable)
rNeg     . . .     Faith    .   (armour unavailable)
rPois    .         Spirit   .   (helmet unavailable)
rElec    .         Reflect  .   (cloak unavailable)
rCorr    .         Harm     .   (gloves unavailable)
MR       .....                  (boots unavailable)
Stlth    +++.......             (no amulet)
HPRegen  0.04/turn              (no ring)
MPRegen  0.10/turn              (no ring)

@: quick
A: very small, no armour, no weapons or thrown items, stealth, claws 1, fangs 3,
see invisible, carnivore, speed 1, shaggy fur 1, slow metabolism 1, sharp paws
a: no special abilities


You were on level 2 of the Dungeon.
You were not hungry.

You visited 1 branch of the dungeon, and saw 2 of its levels.

You collected 100 gold pieces.

Inventory:

Scrolls
 d - a scroll of enchant armour {unknown}
 e - a scroll of remove curse {unknown}
 i - a scroll of random uselessness {unknown}
 j - 2 scrolls of teleportation {unknown}
 k - a scroll of identify {unknown}
 l - a scroll of magic mapping {unknown}
 m - a scroll of noise {unknown}
Potions
 c - a potion of lignification {unknown}
 f - a potion of resistance {unknown}
 g - a potion of cancellation {unknown}
 h - 2 potions of ambrosia {unknown}
Books
 a - a book of Maledictions

   Spells                             Type                      Level
   a - Corona                         Hexes                        1
   b - Ensorcelled Hibernation        Hexes/Ice                    2
   c - Confuse                        Hexes                        3
   d - Tukima's Dance                 Hexes                        3
   e - Dazzling Spray                 Conjuration/Hexes            3
Comestibles
 b - 5 rations


   Skills:
 + Level 3.6 Dodging
 - Level 4.0 Stealth
 + Level 1.9 Unarmed Combat
 - Level 2.0 Spellcasting
 + Level 5.1 Hexes


You had 3 spell levels left.
You knew the following spells:

 Your Spells              Type           Power        Failure   Level  Hunger
a - Corona                Hex            ###....      2%          1    #......
b - Ensorcelled Hibernat  Hex/Ice        ##....       11%         2    ###....


Dungeon Overview and Level Annotations

Branches:
Dungeon (2/15)

Altars:
Elyvilon
Trog

Annotations:
D:2 Robin


Innate Abilities, Weirdness & Mutations

You cannot wear armour.
You are incapable of wielding weapons or throwing items.
Your paws allow you to move quietly. (Stealth)
You have sharp claws.
You have razor-sharp teeth.
You have supernaturally acute eyesight. (SInv)
You are carnivorous and can eat meat at any time.
You cover ground quickly.
You are covered in fur. (AC +1)
You have a slow metabolism.
Your sharp claws are effective at attacking unaware monsters.


Message History

Aim: a goblin, wielding a dagger of venom (chance to defeat MR: 59%)
The goblin resists with significant effort.
The goblin closely misses you. Robin hits you from afar with a spear.
Casting: Ensorcelled Hibernation
Confirm with . or Enter, or press ? or * to list all spells.
You don't have enough magic to cast that spell.
Unknown command.
Robin throws the goblin at you!
You scratch the goblin.
The goblin is heavily wounded.
The goblin hits you with a dagger.
* * * LOW HITPOINT WARNING * * *
Robin says, "A pitiful Cat like you will never find the ORB!"
The goblin misses you.
You closely miss the goblin.
The goblin is heavily wounded.
The goblin misses you.
Robin says, "My army is invincible!"
The goblin hits you with a dagger of venom.
You die...

.. #..# ..
#####.# #.
#g.g##.#
#.#g8g8.#.#
#.#g.ggg#.#
#.#ggg8g#.#
+#.#'g..##.#
#####..)#####..#
......⌠.gg@g...#
#####...#####..#
+#.#'...##.#
#.#...8.#.#
#.#.._..#.#
#.#.8.8.#..
#.##...##.. ...
#### #..


You could see Robin and 2 goblins.

Vanquished Creatures
  An ooze (D:1)
  A dart slug (D:2)
  5 bats (D:1)
  3 giant cockroaches
  3 goblins
  3 hobgoblins (D:2)
  3 jackals (D:1)
  A frilled lizard (D:1)
  2 kobolds (D:1)
  4 rats (D:1)
26 creatures vanquished.

Notes
Turn   | Place    | Note
-------+----------+-------------------------------------------
     0 | D:1      | inc the Felid Enchanter began the quest for the Orb.
     0 | D:1      | Reached XP level 1. HP: 7/7 MP: 4/4
   343 | D:1      | Reached XP level 2. HP: 11/11 MP: 6/6
   474 | D:1      | Learned a level 2 spell: Ensorcelled Hibernation
  1087 | D:1      | Reached skill level 5 in Hexes
  1481 | D:2      | Reached XP level 3. HP: 14/14 MP: 7/7
  1579 | D:2      | Found a bloodstained altar of Trog.
  1582 | D:2      | Found a white marble altar of Elyvilon.
  1582 | D:2      | Noticed Robin
  1598 | D:2      | Slain by a goblin

Skill      XL: |  1  2 |
---------------+-------+-----
Dodging        | 3 |  3.6
Hexes          | 5 |  5.1
Stealth        | |  4.0
Unarmed Combat | |  1.9
Spellcasting   | |  2.0

Action                   || total
-------------------------++-------
Melee: Unarmed           ||    59
       Bite              ||     4
 Cast: Corona            ||     3
       Ensorcelled Hiber ||    13
 Stab: Sleeping          ||    18
  Eat: Chunk             ||     4
Armor: Skin              ||     3
Dodge: Dodged            ||    44
